 Dungeon Crawl Stone Soup version 0.29-a0-821-g66395355a5 (webtiles) character file.

Game seed: 7953490862647120454

5 zeratav the Stinger (level 1, 0/11 HPs)
             Began as an Octopode Venom Mage on July 8, 2022.
             Slain by a jackal (1 damage)
             ... on level 1 of the Dungeon.
             The game lasted 00:00:20 (92 turns).

zeratav the Stinger (Octopode Venom Mage)             Turns: 92, Time: 00:00:21

Health: 0/11       AC:  1    Str:  7    XL:     1   Next: 80%
Magic:  1/3        EV: 13    Int: 17    God:
Gold:   14         SH:  0    Dex: 12    Spells: 3/4 levels left

rFire   . . .      SeeInvis .   (no weapon)
rCold   . . .      Faith    .   (no shield)
rNeg    . . .      Spirit   .   (helmet restricted)
rPois   .          Reflect  .   (no amulet)
rElec   .          Harm     .   (no ring)
rCorr   .          Rampage  .   (no ring)
Will    .....                   (no ring)
Stlth   +++.......              (no ring)
HPRegen 0.03/turn               (no ring)
MPRegen 0.08/turn               (no ring)
                                (no ring)
                                (no ring)

@: no status effects
A: almost no armour, amphibious, 8 rings, camouflage 1, gelatinous body 1,
(nimble swimmer 1), tentacles
a: no special abilities


You were on level 1 of the Dungeon.
You visited 1 branch of the dungeon, and saw 1 of its levels.

You collected 14 gold pieces.


Innate Abilities, Weirdness & Mutations

You cannot wear most types of armour.
You are amphibious.
You can wear up to eight rings at the same time.
Your skin changes colour to match your surroundings (Stealth+).
Your rubbery body absorbs attacks. (AC +1, EV +1)
((You are camouflaged when in or above water. (Stealth+)))
You have tentacles for arms and can constrict up to eight enemies at once.


   Skills:
 - Level 2.0 Dodging
 + Level 3.1 Stealth
 - Level 2.0 Spellcasting
 - Level 1.0 Transmutations
 + Level 3.9 Poison Magic


You had 3 spell levels left.
You knew the following spells:

 Your Spells              Type           Power      Damage    Failure   Level
a - Sting                 Tmut/Pois      40%        1d5       7%          1

Your spell library contained the following spells:

 Spells                   Type           Power      Damage    Failure   Level
 Poisonous Vapours        Pois/Air       16%        N/A       13%         2
 Mephitic Cloud           Conj/Pois/Air  6%         N/A       34%         3
 Olgreb's Toxic Radiance  Pois           14%        N/A       36%         4

Inventory:

Potions
 a - a potion of magic

Dungeon Overview and Level Annotations

Branches:
Dungeon (1/15) Zot: 5907

Altars:

#...#.##.##..#
######'.#'...#
#.#.....##..#...##
..#########..###.#.#
#.....†.........#..
.
.......###.#####..#
.. ...##........#
.##$# #
........#.####...#
.....#####..@hr†#
###### #####..#
#....# #....# ######


You could see a jackal and a rat.


Message History

🤖 Initializing magus.rc ...
Bad channel name for runrest: 'pray:' ✅ Successfully initialized magus.rc [v1.9.6] Welcome, zeratav the Octopode Venom Mage.
Below lies the Orb of Zot, rumoured to be powerful enough to resurrect a god...
Press ? for a list of commands and other information.
Found a staircase leading out of the dungeon.
As you open the door, it creaks loudly!
There is an open door here.
You open the door.
There is an open door here.
You now have 14 gold pieces.
You open the door.
There is an open door here.
You open the door.
A hobgoblin comes into view.
There is an open door here.
A bat comes into view.
The hobgoblin shouts!
You can't see any susceptible monsters within range! (Use Z to cast anyway.)
The sting hits the hobgoblin.
The hobgoblin is poisoned.
You kill the hobgoblin!
MP[-1]
You lost 1 mp, and now have 2/3 mp.
A bat is nearby!
You can't see any susceptible monsters within range! (Use Z to cast anyway.)
You can't see any susceptible monsters within range! (Use Z to cast anyway.) No target in view!
A bat is nearby!
The bat hits you. The bat barely misses you.
HP[-1]
You take 1 damage, and now have 10/11 hp.
The sting hits the bat.
The bat is poisoned.
You kill the bat!
MP[-1]
You lost 1 mp, and now have 1/3 mp.
You can't see any susceptible monsters within range! (Use Z to cast anyway.)
A jackal comes into view.
HP[+1] MP[+2]
Your hp is fully restored (11).
Your mp is fully restored (3).
A jackal is nearby!
You can't see any susceptible monsters within range! (Use Z to cast anyway.)
A rat comes into view.
The sting hits the jackal.
The jackal is poisoned.
The jackal barks!
A quokka comes into view.
MP[-1]
You lost 1 mp, and now have 2/3 mp.
The sting hits the jackal.
The jackal looks even sicker.
You kill the jackal!
Your Stealth skill increases to level 3!
MP[-1]
You lost 1 mp, and now have 1/3 mp.
The sting hits the quokka but does no damage.
The quokka is poisoned.
MP[-1]
You lost 1 mp, and now have 0/3 mp.
You are out of magic!
You are out of magic!
You are out of magic!
You tentacle-slap the quokka. Your grab misses the quokka.
A jackal comes into view.
The quokka closely misses you.
You closely miss the quokka. Your grab misses the quokka.
You squeeze the quokka, but do no damage.
The quokka bites you.
The jackal stops to sniff the ground.
The rat barely misses you.
HP[-4]
You take 4 damage, and now have 7/11 hp.
MASSIVE DAMAGE!! (PAUSE)
You miss the quokka. Your grab misses the quokka.
You kill the quokka!
The rat closely misses you. The jackal bites you.
* * * LOW HITPOINT WARNING * * *
HP[-3]
You take 3 damage, and now have 4/11 hp.
MASSIVE DAMAGE!! (PAUSE)
You are too injured to fight recklessly!
The rat attacks as you move away! The rat bites you but does no damage.
You closely miss the jackal. Your grab misses the jackal.
Your squeeze misses the jackal. The jackal barely misses you.
The jackal bites you.
* * * LOW HITPOINT WARNING * * *
HP[-1]
You take 1 damage, and now have 3/11 hp.
You barely miss the jackal. You grab the jackal.
You constrict the jackal, but do no damage.
The jackal completely misses you.
You tentacle-slap the jackal but do no damage.
You constrict the jackal. The jackal misses you. The jackal bites you.
* * * LOW HITPOINT WARNING * * *
HP[-2]
You take 2 damage, and now have 1/11 hp.
You tentacle-slap the jackal.
You constrict the jackal, but do no damage.
The jackal misses you.
You tentacle-slap the jackal but do no damage.
Your squeeze misses the jackal. You constrict the jackal. The jackal bites you.
You die...

Skill      XL: |  1 |
---------------+----+-----
Stealth        | 3 |  3.1
Dodging        | |  2.0
Spellcasting   | |  2.0
Transmutations | |  1.0
Poison Magic   | |  3.9

Action                   || total
-------------------------++-------
Melee: Unarmed           ||     8
       Constrict         ||     1
       Tentacles         ||     1
 Cast: Sting             ||     5
Armor: Skin              ||     1
Dodge: Dodged            ||     8

Levels and vault maps discovered:
D:1:      evilmike_arrival_rings, layout_loops_ring, minmay_tall_x

Notes
Turn   | Place    | Note
-------+----------+-------------------------------------------
     0 | D:1      | zeratav the Octopode Venom Mage began the quest for the
                  | Orb.
     0 | D:1      | Reached XP level 1. HP: 11/11 MP: 3/3
     0 | D:1      | magus.rc [v1.9.6]
    82 | D:1      | Reached skill level 3 in Stealth
    90 | D:1      | HP: 1/11 [jackal (2)]
    92 | D:1      | Slain by a jackal

Vanquished Creatures
  A bat (D:1)
  A hobgoblin (D:1)
  A jackal (D:1)
  A quokka (D:1)
4 creatures vanquished.

Table legend:
 A = Non-vault XP
 B = Vault XP
 C = Vault XP percentage of total XP
 D = Non-vault monster count
 E = Vault monster count
 F = Vault count percentage of total count
                 A         B        C        D         E       F
            +---------+---------+-------+---------+---------+-------
      Total |       4 |       4 |  50.0 |       2 |       2 |  50.0
            +---------+---------+-------+---------+---------+-------
        D:1 |       4 |       4 |  50.0 |       2 |       2 |  50.0
            +---------+---------+-------+---------+---------+-------

Illustrated notes

Table legend:
 A = Kills in this place as a percentage of kills in entire the game.
 B = Kills by you in this place as a percentage of kills by you in the entire game.
 C = Kills by friends in this place as a percentage of kills by friends in the entire game.
 D = Other kills in this place as a percentage of other kills in the entire game.
 E = Experience gained in this place as a percentage of experience gained in the entire game.
 F = Experience gained in this place divided by the number of levels of this place that you have seen.
                   A       B       C       D       E      F
               +-------+-------+-------+-------+-------+----------------------
         Total | 100.0 | 100.0 |   N/A |   N/A | 100.0 |   8.0
       Dungeon | 100.0 | 100.0 |   N/A |   N/A | 100.0 |   8.0
               +-------+-------+-------+-------+-------+----------------------

Table legend: (Time is in decaauts)
 A = Elapsed time spent in this place.
 B = Non-inter-level travel time spent in this place.
 C = Inter-level travel time spent in this place.
 D = Time resting spent in this place.
 E = Time spent auto-exploring this place.
 F = Levels seen in this place.
 G = Mean time per level.
                   A        B        C        D        E       F      G
               +--------+--------+--------+--------+--------+-----+--------+
         Total |     92 |     92 |      0 |      0 |     64 |   1 |   92.0 |
       Dungeon |     92 |     92 |      0 |      0 |     64 |   1 |   92.0 |
               +--------+--------+--------+--------+--------+-----+--------+

Top non-repeatable levels by time:
     D:1: 92 daAuts
